 Dungeon Crawl Stone Soup version 0.31.0-1-g2c135a0 (webtiles) character file.

Game seed: 7170927826916897379

292 jagoly the Chopper (level 6, -3/38 HPs)
             Began as a Gargoyle Monk on Jan 25, 2024.
             Splashed by a jelly's acid (5 damage)
             ... on level 5 of the Dungeon.
             The game lasted 00:08:19 (1172 turns).

jagoly the Chopper (Gargoyle Monk)                  Turns: 1172, Time: 00:08:20

Health: -3/38      AC: 12    Str: 16 (17) XL:     6   Next: 33%
Magic:  6/6        EV: 10    Int:  8 (10) God:
Gold:   143        SH:  0    Dex: 15 (18) Spells: 5/5 levels left

rFire   . . .        a - +0 hand axe
rCold   . . .        d - orb {light}
rNeg    + . .        w - +0 scale mail
rPois   ∞            k - +0 helmet
rElec   +            m - +2 cloak
rCorr   .            (no gloves)
SInv    .            r - +0 pair of boots
Will    .....        (no amulet)
Stlth   +            n - +6 ring of dexterity
HPRegen 0.26/turn    (no ring)
MPRegen 0.10/turn

%: no passive effects
@: corroded, glowing
A: sickness immunity, AC +4, negative energy resistance 1, electricity
resistance, torment resistance 1, petrification resistance
a: no special abilities


You were on level 5 of the Dungeon.
You visited 1 branch of the dungeon, and saw 5 of its levels.

You collected 143 gold pieces.

Inventory:

Hand Weapons
 a - a +0 hand axe (weapon)
 j - a +0 war axe
Missiles
 g - 5 stones (quivered)
 o - 4 poisoned darts
 s - 8 boomerangs
Armour
 d - an orb of light (worn)
 k - a +0 helmet (worn)
 m - a +2 cloak (worn)
 p - a +0 chain mail
 r - a +0 pair of boots (worn)
 w - a +0 scale mail (worn)
Jewellery
 b - a ring of willpower
 n - a +6 ring of dexterity (left hand)
Scrolls
 e - a scroll of amnesia {unknown}
 f - 4 scrolls of identify {unknown}
 h - 2 scrolls of vulnerability {unknown}
 i - 2 scrolls of enchant weapon {unknown}
 q - a scroll of teleportation {unknown}
 t - a scroll of immolation {unknown}
Potions
 c - a potion of ambrosia
 u - a potion of degeneration


   Skills:
 - Level 4.0 Fighting
 * Level 4.7 Axes
 * Level 3.5 Armour
 - Level 2.4 Dodging
 - Level 2.0 Stealth


You had 5 spell levels left.
You didn't know any spells.
Your spell library was empty.

Dungeon Overview and Level Annotations

Branches:
Dungeon (5/15) Zot: 26676
 Temple: D:4-7

Altars:

Annotations:
D:4 exclusion: scorpion
D:5 Prince Ribbit


Innate Abilities, Weirdness & Mutations

You are immune to sickness and miasma.
Your stone body is resilient. (AC +4)
You are immune to poison.
You resist negative energy. (rN+)
You are resistant to electric shocks. (rElec)
You are resistant to unholy torment.
You are immune to petrification.


Message History

The hound is heavily wounded.
The hound closely misses you. The hound bites you but does no damage.
Cleave: a) +0 hand axe
Press: ? - help, Dir - move target, f/p - hound
Aim: a hound (heavily wounded, haloed, about 29% to evade your +0 hand axe)
You hit the hound.
The hound is heavily wounded.
The hound closely misses you. The hound barely misses you.
Cleave: a) +0 hand axe
Press: ? - help, Dir - move target, f/p - hound
Aim: a hound (heavily wounded, haloed, about 29% to evade your +0 hand axe)
You hit the hound.
The hound is severely wounded.
The hound barely misses you.
Cleave: a) +0 hand axe
Press: ? - help, Dir - move target, f/p - hound
Aim: a hound (severely wounded, haloed, about 29% to evade your +0 hand axe)
You hit the hound.
The hound is almost dead.
The hound bites you but does no damage. The hound barely misses you.
Cleave: a) +0 hand axe
Press: ? - help, Dir - move target, f/p - hound
Aim: a hound (almost dead, haloed, about 29% to evade your +0 hand axe)
You barely miss the hound.
The hound is almost dead.
The hound closely misses you. x2
Cleave: a) +0 hand axe
Press: ? - help, Dir - move target, f/p - hound
Aim: a hound (almost dead, haloed, about 29% to evade your +0 hand axe)
You barely miss the hound.
The hound is almost dead.
The hound closely misses you.
Cleave: a) +0 hand axe
Press: ? - help, Dir - move target, f/p - hound
Aim: a hound (almost dead, haloed, about 29% to evade your +0 hand axe)
You hit the hound but do no damage.
The hound is almost dead.
The hound misses you. x2
Cleave: a) +0 hand axe
Press: ? - help, Dir - move target, f/p - hound
Aim: a hound (almost dead, haloed, about 29% to evade your +0 hand axe)
You hit the hound but do no damage.
The hound is almost dead.
The hound closely misses you. x2
Cleave: a) +0 hand axe
Press: ? - help, Dir - move target, f/p - hound
Aim: a hound (almost dead, haloed, about 29% to evade your +0 hand axe)
You hit the hound.
You kill the hound!
Training target 2.0 for Stealth reached!
Your Armour skill increases to level 1!
Your Stealth skill increases to level 2!
You start putting on your armour.
You continue putting on your +0 pair of boots. x4
You finish putting on your +0 pair of boots.
You start removing your armour.
You continue taking off your +0 leather armour. x4
You finish taking off your +0 leather armour.
You start putting on your armour.
You continue putting on your +0 ring mail. x5
You finish putting on your +0 ring mail.
You see here a +0 scale mail.
You start removing your armour.
You continue taking off your +0 ring mail. x4
You finish taking off your +0 ring mail.
You start putting on your armour.
You continue putting on your +0 scale mail. x5
You finish putting on your +0 scale mail.
You drop a +0 robe.
You drop a +0 leather armour.
You drop a +0 ring mail.
You see here a hound corpse.
You hear the slow hiss of a distant avalanche of sand.
Found a leather armour.
The orc priest invokes the aid of Beogh against you.
Beogh smites you!
You see here a hound corpse.
There is a stone staircase leading up here.
Unknown command.
The orc priest hits you but does no damage.
Cleave: a) +0 hand axe
Press: ? - help, Dir - move target, f - orc priest
Aim: an orc priest, wielding a +0 whip (haloed, about 19% to evade your +0 hand axe)
You hit the orc priest.
The orc priest is heavily wounded.
The orc priest hits you but does no damage.
Cleave: a) +0 hand axe
Press: ? - help, Dir - move target, f/p - orc priest
Aim: an orc priest, wielding a +0 whip (heavily wounded, haloed, about 19% to evade your +0 hand axe)
You hit the orc priest but do no damage.
The orc priest is heavily wounded.
The orc priest closely misses you.
Cleave: a) +0 hand axe
Press: ? - help, Dir - move target, f/p - orc priest
Aim: an orc priest, wielding a +0 whip (heavily wounded, haloed, about 19% to evade your +0 hand axe)
You hit the orc priest.
The orc priest is severely wounded.
The orc priest invokes the aid of Beogh against you.
Beogh smites you!
* * * LOW HITPOINT WARNING * * *
Cleave: a) +0 hand axe
Press: ? - help, Dir - move target, f/p - orc priest
Aim: an orc priest, wielding a +0 whip (severely wounded, haloed, about 19% to evade your +0 hand axe)
You hit the orc priest.
You kill the orc priest!
Training target 4.0 for Fighting reached!
Your Fighting skill increases to level 4!
You have reached level 5!
You see here a +0 whip.
Found 7 stones.
You see here a +0 leather armour.
An ogre, a hound and a quokka come into view.
Found a stone staircase leading down.
The hound barks!
You hear a bark!
You see here a +0 leather armour.
The hound attacks as it pursues you! The hound bites you but does no damage.
The hound attacks as it pursues you!
The hound bites you but does no damage. x2
The hound barely misses you. The hound attacks as it pursues you!
The hound bites you but does no damage. The hound bites you but does no damage.
The hound bites you. The hound closely misses you.
You see here a +0 whip.
You hear the slow hiss of a very distant avalanche of sand.
The hound closely misses you.
There is a stone staircase leading up here.
You hit the hound but do no damage. You hit the hound.
The hound barely misses you. The hound completely misses you.
The hound closely misses you. The hound bites you but does no damage.
You hit the hound.
The hound is moderately wounded.
You hit the hound. The hound misses you.
The hound bites you but does no damage.
You barely miss the hound.
The hound is moderately wounded.
You hit the hound.
The hound bites you but does no damage. x4
You hit the hound.
The hound is heavily wounded.
You hit the hound. The hound closely misses you.
The hound bites you but does no damage. The hound bites you.
The hound bites you but does no damage.
You slash the hound!
The hound is almost dead.
You barely miss the hound.
The hound bites you but does no damage. x2
The hound bites you. The hound bites you but does no damage.
The hound bites you.
* * * LOW HITPOINT WARNING * * *
The hound bites you but does no damage.
You climb upwards.
Level annotation: exclusion: scorpion
There is a stone staircase leading down here.
You are too injured to fight recklessly!
You are too injured to fight recklessly!
Cleave: a) +0 hand axe
Press: ? - help, Dir - move target, f - hound
Aim: a hound (heavily wounded, haloed, about 28% to evade your +0 hand axe)
You hit the hound.
The hound is severely wounded.
You hit the hound but do no damage. The hound bites you but does no damage.
The hound bites you.
* * * LOW HITPOINT WARNING * * *
Cleave: a) +0 hand axe
Press: ? - help, Dir - move target, f/p - hound
Aim: a hound (severely wounded, haloed, about 28% to evade your +0 hand axe)
You hit the hound.
The hound is almost dead.
You hit the hound but do no damage.
The hound bites you but does no damage. x2
The hound barely misses you. The hound bites you.
* * * LOW HITPOINT WARNING * * *
Cleave: a) +0 hand axe
Press: ? - help, Dir - move target, f/p - hound
Aim: a hound (almost dead, haloed, about 28% to evade your +0 hand axe)
You barely miss the hound.
The hound is almost dead.
You hit the hound but do no damage. The hound bites you but does no damage.
The hound barely misses you.
The hound bites you but does no damage. x2
Cleave: a) +0 hand axe
Press: ? - help, Dir - move target, f/p - hound
Aim: a hound (almost dead, haloed, about 28% to evade your +0 hand axe)
You hit the hound.
You kill the hound!
You hit the hound.
You kill the hound!
Your Axes skill increases to level 4!
Your Armour skill increases to level 2!
There is an open door here.
You see here a hobgoblin skeleton.
You see here a quokka skeleton.
There is a stone staircase leading down here.
You climb downwards.
You hear the hiss of flowing sand.
There is an entrance to an ossuary on this level.
Hurry and find it before the portal is buried!
The orc shouts!
You hear a shout!
A phantom comes into view.
The orc barely misses you.
The phantom moves out of view.
Found 7 gold pieces and a scroll labelled IMOBRATUTA.
There is a stone staircase leading up here.
Cleave: a) +0 hand axe
Press: ? - help, Dir - move target, f - orc
Aim: an orc, wielding a +0 short sword (haloed, about 18% to evade your +0 hand axe)
You hit the orc.
The orc is heavily wounded.
The orc hits you but does no damage.
Cleave: a) +0 hand axe
Press: ? - help, Dir - move target, f/p - orc
Aim: an orc, wielding a +0 short sword (heavily wounded, haloed, about 18% to evade your +0 hand axe)
You hit the orc.
You kill the orc!
You hit the orc. The orc hits you but does no damage.
Cleave: a) +0 hand axe
Press: ? - help, Dir - move target, f - orc
Aim: an orc, wielding a +0 whip (moderately wounded, haloed, about 18% to evade your +0 hand axe)
You barely miss the orc.
The orc is moderately wounded.
You hear the slow hiss of an avalanche of sand nearby.
The orc hits you but does no damage. The orc barely misses you.
The phantom barely misses you.
You climb upwards.
Level annotation: exclusion: scorpion
There is a stone staircase leading down here.
Cleave: a) +0 hand axe
Press: ? - help, Dir - move target, f - orc
Aim: an orc, wielding a +0 whip (moderately wounded, haloed, about 18% to evade your +0 hand axe)
You hit the orc but do no damage.
The orc is moderately wounded.
You hit the phantom. The phantom barely misses you. The orc barely misses you.
Cleave: a) +0 hand axe
Press: ? - help, Dir - move target, f/p - orc
Aim: an orc, wielding a +0 whip (moderately wounded, haloed, about 18% to evade your +0 hand axe)
You hit the orc.
The orc is severely wounded.
You hit the phantom. The phantom barely misses you.
The orc hits you with a +0 whip.
Cleave: a) +0 hand axe
Press: ? - help, Dir - move target, f/p - orc
Aim: an orc, wielding a +0 whip (severely wounded, haloed, about 18% to evade your +0 hand axe)
You hit the orc.
You kill the orc!
You hit the phantom but do no damage.
The phantom hits you but does no damage. x2
Cleave: a) +0 hand axe
Press: ? - help, Dir - move target, f - phantom
Aim: a phantom (lightly damaged, haloed, about 28% to evade your +0 hand axe)
You barely miss the phantom.
The phantom is lightly damaged.
The phantom hits you.
Cleave: a) +0 hand axe
Press: ? - help, Dir - move target, f/p - phantom
Aim: a phantom (lightly damaged, haloed, about 28% to evade your +0 hand axe)
You hit the phantom but do no damage.
The phantom is lightly damaged.
The phantom barely misses you.
Cleave: a) +0 hand axe
Press: ? - help, Dir - move target, f/p - phantom
Aim: a phantom (lightly damaged, haloed, about 28% to evade your +0 hand axe)
You hit the phantom but do no damage.
The phantom is lightly damaged.
The phantom barely misses you.
Cleave: a) +0 hand axe
Press: ? - help, Dir - move target, f/p - phantom
Aim: a phantom (lightly damaged, haloed, about 28% to evade your +0 hand axe)
You hit the phantom.
The phantom is moderately damaged.
The phantom hits you but does no damage.
Cleave: a) +0 hand axe
Press: ? - help, Dir - move target, f/p - phantom
Aim: a phantom (moderately damaged, haloed, about 28% to evade your +0 hand axe)
You hit the phantom but do no damage.
The phantom is moderately damaged.
The phantom hits you but does no damage.
Cleave: a) +0 hand axe
Press: ? - help, Dir - move target, f/p - phantom
Aim: a phantom (moderately damaged, haloed, about 28% to evade your +0 hand axe)
You hit the phantom.
The phantom is heavily damaged.
The phantom hits you but does no damage.
Cleave: a) +0 hand axe
Press: ? - help, Dir - move target, f/p - phantom
Aim: a phantom (heavily damaged, haloed, about 28% to evade your +0 hand axe)
You hit the phantom but do no damage.
The phantom is heavily damaged.
The phantom hits you but does no damage.
Cleave: a) +0 hand axe
Press: ? - help, Dir - move target, f/p - phantom
Aim: a phantom (heavily damaged, haloed, about 28% to evade your +0 hand axe)
You completely miss the phantom.
The phantom is heavily damaged.
The phantom hits you but does no damage.
Cleave: a) +0 hand axe
Press: ? - help, Dir - move target, f/p - phantom
Aim: a phantom (heavily damaged, haloed, about 28% to evade your +0 hand axe)
You hit the phantom.
The phantom is heavily damaged.
The phantom hits you but does no damage.
Cleave: a) +0 hand axe
Press: ? - help, Dir - move target, f/p - phantom
Aim: a phantom (heavily damaged, haloed, about 28% to evade your +0 hand axe)
You hit the phantom but do no damage.
The phantom is heavily damaged.
The phantom completely misses you. The phantom misses you.
Cleave: a) +0 hand axe
Press: ? - help, Dir - move target, f/p - phantom
Aim: a phantom (heavily damaged, haloed, about 28% to evade your +0 hand axe)
You closely miss the phantom.
The phantom is heavily damaged.
The phantom hits you but does no damage.
Cleave: a) +0 hand axe
Press: ? - help, Dir - move target, f/p - phantom
Aim: a phantom (heavily damaged, haloed, about 28% to evade your +0 hand axe)
You hit the phantom.
The phantom is severely damaged.
The phantom hits you but does no damage.
Cleave: a) +0 hand axe
Press: ? - help, Dir - move target, f/p - phantom
Aim: a phantom (severely damaged, haloed, about 28% to evade your +0 hand axe)
You slash the phantom!
The phantom is almost destroyed.
The phantom hits you.
The phantom blinks!
You blink.
Cleave: a) +0 hand axe
Press: ? - help, Dir - move target, f/p - phantom
Aim: a phantom (almost destroyed, haloed, about 28% to evade your +0 hand axe)
You hit the phantom.
You destroy the phantom!
Your Armour skill increases to level 3!
You have reached level 6!
There is a stone staircase leading down here.
You now have 122 gold pieces (gained 12).
Things that are here:
a +0 whip; an orc corpse
There is a stone staircase leading down here.
You climb downwards.
You hear the hiss of flowing sand.
There is an entrance to an ossuary on this level.
Hurry and find it before the portal is buried!
The orc shouts! x2
The orc barely misses you. The orc hits you but does no damage.
There is a stone staircase leading up here.
Cleave: a) +0 hand axe
Press: ? - help, Dir - move target, f - orc
Aim: an orc, wielding a +0 whip and wearing a +0 leather armour (haloed, about 18% to evade your +0 hand axe)
You hit the orc.
The orc is almost dead.
The orc barely misses you.
Cleave: a) +0 hand axe
Press: ? - help, Dir - move target, f/p - orc
Aim: an orc, wielding a +0 whip and wearing a +0 leather armour (severely wounded, haloed, about 18% to evade your +0 hand axe)
You hit the orc.
You kill the orc!
Cleave: a) +0 hand axe
Press: ? - help, Dir - move target, f - you
Okay, then.
Throw: 6 stones
Press: ? - help, Q - select action, (/) - cycle Shift-Dir - straight line, f - orc
Aim: an orc, wielding a +0 war axe, wearing a +0 scale mail and wearing a ring of willpower (haloed, 82% to hit)
You throw a stone.
The stone hits the orc but does no damage.
The orc hits you but does no damage.
You climb upwards.
Level annotation: exclusion: scorpion
There is a stone staircase leading down here.
Cleave: a) +0 hand axe
Press: ? - help, Dir - move target, f - orc
Aim: an orc, wielding a +0 war axe, wearing a +0 scale mail and wearing a ring of willpower (haloed, about 15% to evade your +0 hand axe)
You hit the orc but do no damage. The orc hits you with a +0 war axe.
Cleave: a) +0 hand axe
Press: ? - help, Dir - move target, f/p - orc
Aim: an orc, wielding a +0 war axe, wearing a +0 scale mail and wearing a ring of willpower (haloed, about 15% to evade your +0 hand axe)
You hit the orc but do no damage. The orc barely misses you.
Cleave: a) +0 hand axe
Press: ? - help, Dir - move target, f/p - orc
Aim: an orc, wielding a +0 war axe, wearing a +0 scale mail and wearing a ring of willpower (haloed, about 15% to evade your +0 hand axe)
You completely miss the orc. The orc hits you but does no damage.
Cleave: a) +0 hand axe
Press: ? - help, Dir - move target, f/p - orc
Aim: an orc, wielding a +0 war axe, wearing a +0 scale mail and wearing a ring of willpower (haloed, about 15% to evade your +0 hand axe)
You hit the orc.
The orc is heavily wounded.
The orc hits you but does no damage.
Cleave: a) +0 hand axe
Press: ? - help, Dir - move target, f/p - orc
Aim: an orc, wielding a +0 war axe, wearing a +0 scale mail and wearing a ring of willpower (heavily wounded, haloed, about 15% to evade your +0 hand axe)
You slash the orc!
You kill the orc!
Annotate which branch? (. - D:4, ? - help, ! - show branch list)
Okay, then.
Unknown command.
You are illuminated by a small divine halo.
You are glowing.
Your movement speed is average.
Your attack delay is about 1.0.
Your damage rating with your +0 hand axe is about 9 (Base 7 x 117% (Str) x 116% (Skill)).
Your base attributes are Str 17, Int 10, Dex 12.
Unknown command.
Unknown command.
b - a ring of willpower
Things that are here:
a +0 war axe; a +0 scale mail; an orc corpse
j - a +0 war axe
There is a stone staircase leading down here.
You climb downwards.
You hear the hiss of flowing sand.
There is an entrance to an ossuary on this level.
Hurry and find it before the portal is buried!
The orc hits you but does no damage.
There is a stone staircase leading up here.
You hear the slow hiss of an avalanche of sand nearby.
The orc barely misses you.
You climb upwards.
Level annotation: exclusion: scorpion
There is a stone staircase leading down here.
You hit the orc.
The orc is heavily wounded.
The orc closely misses you. The orc barely misses you.
You hit the orc but do no damage.
The orc is heavily wounded.
The orc hits you but does no damage.
You hit the orc.
The orc is heavily wounded.
The orc barely misses you.
You hit the orc but do no damage.
The orc is heavily wounded.
The orc closely misses you.
You hit the orc.
You kill the orc!
No target in view!
No target in view!
You climb downwards.
You hear the hiss of flowing sand.
There is an entrance to an ossuary on this level.
Hurry and find it before the portal is buried!
There is a stone staircase leading up here.
Things that are here:
a +0 leather armour; a +0 whip; an orc corpse
There is a stone staircase leading up here.
The orc priest hits you with a +0 whip.
You hit the orc priest.
The orc priest is lightly wounded.
The orc priest casts a cantrip, but nothing happens.
You barely miss the orc priest.
The orc priest is lightly wounded.
The orc priest hits you but does no damage.
You hit the orc priest.
The orc priest is heavily wounded.
The orc priest miscasts a cantrip.
You slash the orc priest!
The orc priest is almost dead.
The orc priest hits you but does no damage.
You hit the orc priest.
You kill the orc priest!
No target in view!
Things that are here:
a +0 whip; an orc corpse You now have 136 gold pieces (gained 14).
You now have 143 gold pieces (gained 7).
f - 4 scrolls labelled IMOBRATUTA (gained 1)
You hear the hiss of a distant avalanche of sand.
Found a scroll labelled CAR ZYICIEXOCE.
A jelly comes into view.
Found 2 scrolls labelled QEISHOR MUYC and 19 gold pieces.
Prince Ribbit comes into view.
Prince Ribbit croaks.
Throw: 9 boomerangs
Press: ? - help, Shift-Dir - straight line, f - jelly
Aim: a jelly (haloed, 97% to hit)
You throw a boomerang.
The boomerang completely misses the jelly.
The jelly hits you.
You are splashed with acid!
It was a potion of degeneration.
There was something very wrong with that liquid.
You feel weakened.
You feel dopey.
You feel clumsy.
The jelly jiggles.
The jelly misses you.
It was a potion of curing.
You feel better.
Prince Ribbit blinks!
The jelly hits you but does no damage.
You aren't carrying any items that you can evoke.
Cleave: a) +0 hand axe
Press: ? - help, Dir - move target, f/p - jelly
Aim: a jelly (haloed, about 3% to evade your +0 hand axe)
You hit the jelly but do no damage.
Your hands burn!
The jelly closely misses you.
Cleave: a) +0 hand axe
Press: ? - help, Dir - move target, f/p - jelly
Aim: a jelly (haloed, about 3% to evade your +0 hand axe)
You hit the jelly.
Your hands burn!
The jelly is moderately wounded.
Prince Ribbit blinks!
The jelly closely misses you.
Cleave: a) +0 hand axe
Press: ? - help, Dir - move target, f/p - jelly
Aim: a jelly (moderately wounded, haloed, about 3% to evade your +0 hand axe)
You hit the jelly. The acid corrodes you!
Your hands burn!
The jelly is severely wounded.
The jelly hits you.
You are splashed with acid!
* * * LOW HITPOINT WARNING * * *
Cleave: a) +0 hand axe
Press: ? - help, Dir - move target, f/p - jelly
Aim: a jelly (severely wounded, haloed, about 3% to evade your +0 hand axe)
You hit the jelly but do no damage.
Your hands burn!
* * * LOW HITPOINT WARNING * * *
The jelly is severely wounded.
The jelly hits you but does no damage. Prince Ribbit hits you!
* * * LOW HITPOINT WARNING * * *
Cleave: a) +0 hand axe
Press: ? - help, Dir - move target, f/p - jelly
Aim: a jelly (severely wounded, haloed, about 3% to evade your +0 hand axe)
You hit the jelly but do no damage.
Your hands burn!
You die...

.)[..###..#.##
.#.### #.....#
....# ##..#.#
....## #....##
.....# ##....##
...#.# #..#..#
...#.# #..##.##
...#..
#..##..#####
...###.
#......@...#
...#
#........FJ...#
...#
.........?..#
...#
............#
.).#
.....?......#
#####...$...#
##.###### #.


You could see Prince Ribbit and a jelly.

Vanquished Creatures
  A phantom (D:4)
  3 hounds
  2 orc priests (D:5)
  2 adders
  A ribbon worm (D:2)
  9 orcs
  A ball python (D:1)
  2 endoplasms
  2 giant cockroaches
  A goblin (D:1)
  6 hobgoblins
  3 quokkas
  2 bats
  3 kobolds
  3 rats
41 creatures vanquished.

Notes
Turn   | Place    | Note
-------+----------+-------------------------------------------
     0 | D:1      | jagoly the Gargoyle Monk began the quest for the Orb.
     0 | D:1      | Reached XP level 1. HP: 14/14 MP: 1/1
    56 | D:1      | Reached XP level 2. HP: 19/19 MP: 2/2
   231 | D:2      | Reached skill level 1 in Stealth
   308 | D:2      | Reached XP level 3. HP: 23/23 MP: 3/3
   522 | D:4      | Noticed a scorpion
   860 | D:5      | Entered Level 5 of the Dungeon
   866 | D:4      | Reached XP level 4. HP: 16/29 MP: 4/4
   923 | D:5      | Reached skill level 1 in Armour
   978 | D:5      | Reached XP level 5. HP: 13/33 MP: 5/5
   992 | D:5      | Noticed an ogre
  1053 | D:5      | Noticed a phantom
  1075 | D:4      | Killed a phantom
  1076 | D:4      | Reached XP level 6. HP: 24/38 MP: 6/6
  1164 | D:5      | Noticed Prince Ribbit
  1172 | D:5      | Splashed by a jelly's acid

Illustrated notes

Levels and vault maps discovered:
D:1:      dpeg_arrival_oval, layout_basic
D:2:      layout_basic, minmay_misc_feat_tower, nicolae_twisty_statue_hallways
D:3:      layout_basic
D:4:      layout_basic, kennysheep_mini_moat
D:5:      layout_rooms, nicolae_overflow_hidden_temple,
          nicolae_ossuary_entry_catacombs, st_stairs_4, uniq_prince_ribbit1

Skill      XL: |  1  2  3  4  5 |
---------------+----------------+-----
Axes           | 3 4 |  4.7
Stealth        | 1 2 |  2.0
Armour         | 1 3 |  3.5
Fighting       | 4 |  4.0
Dodging        | |  2.4

Action                     |  1- 3 |  4- 6 || total
---------------------------+-------+-------++-------
  Melee: Hand axe          |    83 |    73 ||   156
  Throw: Stone             |     5 |     1 ||     6
         Boomerang         |       |     1 ||     1
    Use: Potion            |       |     2 ||     2
 Armour: Robe              |    12 |       ||    12
         Leather armour    |    25 |    12 ||    37
         Scale mail        |       |    62 ||    62
  Dodge: Dodged            |    53 |    51 ||   104
